 Dungeon Crawl Stone Soup version 0.31-a0-691-g409c26aa35 (webtiles) character file.

Game seed: 16169049697511556460

3181 qw the Skirmisher (level 9, 0/57 HPs)
             Began as a Gargoyle Hunter on Sept 6, 2023.
             Was a Follower of Okawaru.
             Killed by divine providence
             ... invoked by Jeremiah
              (12 damage)
             ... on level 7 of the Dungeon.
             The game lasted 00:03:46 (7257 turns).

qw the Skirmisher (Gargoyle Hunter)                 Turns: 7257, Time: 00:03:46

Health: 0/57       AC: 24    Str: 16    XL:     9   Next: 95%
Magic:  11/12      EV: 16    Int:  9    God:    Okawaru [*.....]
Gold:   448        SH:  0    Dex: 17    Spells: 8/8 levels left

rFire   . . .        Y - -3 hand cannon
rCold   + . .        (no shield)
rNeg    + + .        n - +1 leather armour {rN+}
rPois   inf          e - +2 hat
rElec   +            l - +0 cloak
rCorr   .            a - +1 pair of gloves
SInv    .            m - +2 pair of boots
Will    .....        (no amulet)
Stlth   +++          d - +4 ring of protection
HPRegen 0.29/turn    h - ring of protection from cold
MPRegen 0.13/turn

%: no passive effects
@: heroic
A: sickness immunity, AC +6, negative energy resistance 1, electricity
resistance, torment resistance 1, petrification resistance
a: Renounce Religion, Heroism


You were on level 7 of the Dungeon.
You worshipped Okawaru.
Okawaru was aware of your devotion.
You visited 1 branch of the dungeon, and saw 7 of its levels.
You also visited: Sewer.

You collected 467 gold pieces.
You spent 19 gold pieces at shops.


Innate Abilities, Weirdness & Mutations

You are immune to sickness and miasma.
Your stone body is resilient. (AC +6)
You are immune to poison.
You resist negative energy. (rN+)
You are resistant to electric shocks. (rElec)
You are resistant to unholy torment.
You are immune to petrification.


   Skills:
 + Level 7.5(12.5) Fighting
 - Level 11.0(16.0) Ranged Weapons
 - Level 3.1(8.1) Armour
 - Level 3.1(8.1) Dodging
 - Level 1.1(6.1) Stealth
 - Level 4.0 Invocations


You had 8 spell levels left.
You didn't know any spells.
Your spell library was empty.

Inventory:

Hand Weapons
 Y - a -3 hand cannon (weapon)
Armour
 a - a +1 pair of gloves (worn)
 e - a +2 hat (worn)
 l - a +0 cloak (worn)
 m - a +2 pair of boots (worn)
 n - a +1 leather armour of positive energy (worn)
Jewellery
 d - a +4 ring of protection (left hand)
 h - a ring of protection from cold (right hand)
 q - a ring of willpower
Scrolls
 b - a scroll of identify
Potions
 c - a potion of berserk rage {unknown}
 f - a potion of curing
 g - a potion of haste
 i - a potion of invisibility {unknown}
 j - a potion of attraction {unknown}
 k - a potion of might {unknown}
 o - a potion of heal wounds {unknown}
 p - a potion of magic

Dungeon Overview and Level Annotations

Branches:
Dungeon (7/15)             Temple (0/1) D:5           Sewer (visited)

Altars:
Hepliaklqana
Okawaru

Shops:
D:7 *

Annotations:
D:6 1 transporter, Pikel; qw's ghost, novice GrHu
D:7 Jeremiah


Message History

The butterfly disappears in a burst of colours! x2
The butterfly disappears in a burst of colours!
The butterfly disappears in a burst of colours!
The butterfly disappears in a burst of colours! x2
The butterfly disappears in a burst of colours! x3
The butterfly disappears in a burst of colours!
Jeremiah mumbles a slurred invocation.
Something smites you!
The butterfly disappears in a burst of colours!
Enter note:
Enter note: You shoot a bolt.
The bolt hits the butterfly!!
You kill the butterfly!
The butterfly disappears in a burst of colours!
The butterfly disappears in a burst of colours! x2
You feel like a meek peon again.
The butterfly disappears in a burst of colours!
7246 ||| INVOKING Heroism.
You gain the combat prowess of a mighty hero.
The butterfly disappears in a burst of colours!
Jeremiah wails, "Just end it!
Let me go!"
The butterfly disappears in a burst of colours! x2
The butterfly disappears in a burst of colours!
The butterfly disappears in a burst of colours! x2
You shoot a bolt. The bolt hits Jeremiah!!
Jeremiah is almost dead.
The butterfly disappears in a burst of colours!
Jeremiah hits you but does no damage. Jeremiah hits you but does no damage.
Enter note:
Enter note: You shoot a bolt.
The bolt hits the butterfly!
You kill the butterfly!
The butterfly disappears in a burst of colours!
Jeremiah hits you from afar with a +4 trident of draining!
The butterfly disappears in a burst of colours! x2
Jeremiah lets out a twisted cry.
Something smites you!
You die...
Jeremiah says, "O terrible one, your will is done."

..##.#.#.# #.#.# ..##.#'#'#####
#.#.# ..##)........# #.#.#
...<......(..#####'#'##
..##.........##.......#
..##.........##.[.....#
.###.........##b.[....#
.###...).....##....b[.#
.........######b@....[#
..........b...Fbbb...[##########
.........b..b.b.......)..o....>#
........##################.###.#
....<...# #.# #.# ........# #.#
#.# ........# #o# #.# #########
#.# #.# #.###%#


You could see Jeremiah.

Vanquished Creatures
  Grinder (D:6)
  5 yaks (D:6)
  Menkaure (D:7)
  Edmund (D:6)
  2 water moccasins
  2 orc warriors
  2 black bears
  An ice beast (D:5)
  2 lemures (D:6)
  A phantom (D:6)
  3 kobold brigands
  3 bullfrogs
  2 scorpions
  3 hounds (D:6)
  3 orc priests
  A sleepcap (D:6)
  Jessica (D:3)
  Ijyb (D:5)
  Terence (D:3)
  5 iguanas
  3 orc wizards
  4 gnolls (D:2)
  A river rat (D:6)
  13 adders
  An ufetubus (D:4)
  8 worms
  4 dart slugs
  17 orcs
  14 endoplasms
  2 giant cockroaches
  7 goblins
  5 hobgoblins
  4 quokkas
  12 ball pythons
  4 bats
  6 frilled lizards
  16 kobolds
  7 rats
169 creatures vanquished.

Notes
Turn   | Place    | Note
-------+----------+-------------------------------------------
     0 | D:1      | qw the Gargoyle Hunter began the quest for the Orb.
     0 | D:1      | Reached XP level 1. HP: 12/12 MP: 1/1
     0 | D:1      | 0 ||| qw: Version: 0.3-a-76-g4403597
     0 | D:1      | 0 ||| qw: Game counter: 242
     0 | D:1      | 0 ||| qw: Melee chars always use a shield: true
     0 | D:1      | 0 ||| qw: God list: Okawaru
     0 | D:1      | 0 ||| qw: Allow faded altars: false
     0 | D:1      | 0 ||| qw: Do Orc after clearing Dungeon:15 true
     0 | D:1      | 0 ||| qw: Do second Lair branch before Depths: true
     0 | D:1      | 0 ||| qw: Lair rune preference: random
     0 | D:1      | 0 ||| qw: Goals: Normal
     0 | D:1      | 0 ||| PLANNING D:1-11
   263 | D:1      | Reached XP level 2. HP: 17/17 MP: 2/2
   951 | D:1      | 951 ||| UPGRADING to +4 ring of protection.
   952 | D:1      | 952 ||| UPGRADING to ring of protection from cold.
   953 | D:1      | 953 ||| READING scroll labelled SAEWYM TALOZ.
   954 | D:1      | 954 ||| READING scroll labelled HUAPHA KYUHYGY.
  1055 | D:1      | 1055 ||| READING scroll labelled RULOAS JIROS.
  1056 | D:1      | 1056 ||| READING scroll labelled ATURPH PIVIQA.
  1057 | D:1      | 1057 ||| DROPPING scroll of butterflies.
  1081 | D:2      | 1081 ||| RETREATING.
  1082 | D:2      | 1082 ||| Stepping ~*~*~tactically~*~*~ (retreating).
  1083 | D:2      | 1083 ||| Stepping ~*~*~tactically~*~*~ (retreating).
  1084 | D:2      | 1084 ||| Stepping ~*~*~tactically~*~*~ (retreating).
  1085 | D:2      | 1085 ||| Stepping ~*~*~tactically~*~*~ (retreating).
  1086 | D:2      | 1086 ||| Stepping ~*~*~tactically~*~*~ (retreating).
  1092 | D:2      | Reached skill level 5 in Ranged Weapons
  1092 | D:2      | Reached XP level 3. HP: 18/21 MP: 3/3
  1327 | D:2      | Reached skill level 3 in Fighting
  1327 | D:2      | Reached XP level 4. HP: 28/28 MP: 4/4
  1330 | D:2      | 1330 ||| Stepping ~*~*~tactically~*~*~ (retreating).
  1525 | D:2      | 1525 ||| FLEEEEING.
  1526 | D:2      | 1526 ||| FLEEEEING.
  1779 | D:2      | Reached XP level 5. HP: 32/32 MP: 5/5
  2040 | D:2      | 2040 ||| READING 4 scrolls labelled EXKIYM BYPSAHU.
  2041 | D:2      | 2041 ||| DRINKING 2 white potions.
  2042 | D:2      | 2042 ||| DROPPING 3 scrolls of poison.
  2072 | D:3      | Reached skill level 6 in Ranged Weapons
  2139 | D:3      | Found a hazy altar of Hepliaklqana.
  2144 | D:3      | Noticed Terence
  2161 | D:3      | Killed Terence
  2330 | D:3      | Reached XP level 6. HP: 35/38 MP: 6/6
  2409 | D:3      | Noticed Jessica
  2419 | D:3      | Killed Jessica
  2738 | D:3      | Found a faded altar of an unknown god.
  2866 | D:3      | 2866 ||| UPGRADING to +0 ring mail.
  2876 | D:3      | 2876 ||| DROPPING +0 leather armour.
  2877 | D:3      | 2877 ||| READING scroll labelled NIOMIE ETIRCHE.
  2878 | D:3      | 2878 ||| READING 2 scrolls labelled VUNALO NYLOJI.
  2879 | D:3      | 2879 ||| READING 4 scrolls labelled FYODOT WAUDGHORCH.
  2884 | D:3      | 2884 ||| DROPPING scroll of fear.
  3513 | D:4      | 3513 ||| UPGRADING to +2 pair of boots.
  3518 | D:4      | 3518 ||| READING scroll labelled GYIJIS LEWKU.
  3519 | D:4      | 3519 ||| DRINKING 2 murky silvery potions.
  3555 | D:4      | 3555 ||| DRINKING 2 black potions.
  3556 | D:4      | 3556 ||| DRINKING 2 bubbling orange potions.
  3557 | D:4      | 3557 ||| DROPPING potion of lignification.
  3558 | D:4      | 3558 ||| DROPPING potion of degeneration.
  3595 | D:5      | Entered Level 5 of the Dungeon
  3595 | D:5      | Noticed a black bear
  3605 | D:5      | 3605 ||| STAIRDANCE
  3609 | D:4      | Killed a black bear
  3610 | D:4      | Reached skill level 7 in Ranged Weapons
  3610 | D:4      | Reached XP level 7. HP: 39/43 MP: 7/7
  3695 | D:5      | Noticed Ijyb
  3714 | D:5      | Killed Ijyb
  3844 | D:5      | Reached skill level 8 in Ranged Weapons
  3954 | D:5      | Found an iron altar of Okawaru.
  3955 | D:5      | 3955 ||| PLANNING OKAWARU WORSHIP
  3955 | D:5      | 3955 ||| UPGRADING to +0 pair of gloves.
  3960 | D:5      | 3960 ||| UPGRADING to +1 leather armour of positive energy.
  3970 | D:5      | 3970 ||| DROPPING +0 ring mail.
  3971 | D:5      | 3971 ||| READING scroll labelled DINGEAX TENATS.
  3972 | D:5      | 3972 ||| DRINKING 2 grey potions.
  4000 | D:5      | Became a worshipper of Warmaster Okawaru
  4001 | D:5      | 4001 ||| PLANNING D:1-11
  4274 | D:5      | Found a staircase to the Ecumenical Temple.
  4387 | D:6      | 4387 ||| PLANNING SEWER
  4391 | D:6      | Noticed qw's ghost (novice GrHu)
  4422 | D:6      | 4422 ||| RETREATING.
  4438 | D:6      | 4438 ||| DRINKING potion of curing.
  4438 | D:6      | 4438 ||| (to cure confusion)
  4455 | D:6      | Reached XP level 8. HP: 20/49 MP: 8/8
  4678 | D:6      | Noticed Pikel
  4680 | D:6      | 4680 ||| RETREATING.
  4688 | D:6      | 4688 ||| DRINKING potion of cancellation.
  4689 | D:6      | 4689 ||| READING 3 scrolls of teleportation.
  4690 | D:6      | 4690 ||| Stepping ~*~*~tactically~*~*~ (retreating).
  4691 | D:6      | 4691 ||| FLEEEEING.
  4703 | D:6      | 4703 ||| READING 2 scrolls of teleportation.
  4881 | D:6      | Found a glowing drain.
  4890 | Sewer    | Entered a sewer
  4902 | Sewer    | 4902 ||| Stepping ~*~*~tactically~*~*~ (water).
  4913 | Sewer    | 4913 ||| Stepping ~*~*~tactically~*~*~ (water).
  4922 | Sewer    | Reached * piety under Okawaru
  4961 | Sewer    | 4961 ||| Stepping ~*~*~tactically~*~*~ (water).
  4963 | Sewer    | 4963 ||| Stepping ~*~*~tactically~*~*~ (water).
  4965 | Sewer    | 4965 ||| Stepping ~*~*~tactically~*~*~ (water).
  5077 | Sewer    | 5077 ||| Stepping ~*~*~tactically~*~*~ (water).
  5082 | Sewer    | 5082 ||| Stepping ~*~*~tactically~*~*~ (water).
  5086 | Sewer    | 5086 ||| Stepping ~*~*~tactically~*~*~ (outnumbered).
  5091 | Sewer    | Reached skill level 1 in Invocations
  5114 | Sewer    | 5114 ||| Stepping ~*~*~tactically~*~*~ (water).
  5159 | Sewer    | 5159 ||| READING scroll labelled RYZILY ICIKOSCHY.
  5160 | Sewer    | 5160 ||| READING scroll labelled TEOSUU DUAHOVU.
  5161 | Sewer    | 5161 ||| DRINKING 2 silvery potions.
  5162 | Sewer    | 5162 ||| DRINKING 2 purple potions.
  5163 | Sewer    | 5163 ||| DROPPING potion of brilliance.
  5175 | D:6      | 5175 ||| PLANNING D:1-11
  5203 | D:6      | Noticed Grinder
  5204 | D:6      | 5204 ||| INVOKING Heroism.
  5215 | D:6      | Killed Grinder
  5216 | D:6      | Reached skill level 9 in Ranged Weapons
  5221 | D:6      | Reached skill level 3 in Invocations
  5437 | D:6      | Noticed a yak
  5437 | D:6      | Noticed a yak
  5438 | D:6      | 5438 ||| RETREATING.
  5477 | D:6      | Reached skill level 6 in Fighting
  5490 | D:6      | Noticed a yak
  5491 | D:6      | 5491 ||| RETREATING.
  5494 | D:6      | Noticed a yak
  5506 | D:6      | Killed a yak
  5506 | D:6      | Reached ** piety under Okawaru
  5506 | D:6      | Noticed a yak
  5507 | D:6      | Reached XP level 9. HP: 55/55 MP: 12/12
  5518 | D:6      | 5518 ||| INVOKING Heroism.
  5522 | D:6      | Reached skill level 10 in Ranged Weapons
  5529 | D:6      | Reached skill level 3 in Dodging
  5533 | D:6      | HP: 8/55 [yak (7)]
  5534 | D:6      | 5534 ||| READING scroll of teleportation.
  5841 | D:6      | Noticed Edmund
  5842 | D:6      | 5842 ||| INVOKING Heroism.
  5874 | D:6      | 5874 ||| INVOKING Heroism.
  5886 | D:6      | Killed Edmund
  6324 | D:6      | Found a transporter.
  6326 | D:6      | Noticed a two-headed ogre
  6339 | D:6      | 6339 ||| UPGRADING to +2 hat.
  6423 | D:7      | Found Enout's Lightly-Used Armoury.
  6430 | D:7      | 6430 ||| READING scroll of enchant armour.
  6430 | D:7      | 6430 ||| ENCHANTING +0 pair of gloves.
  6434 | D:7      | 6434 ||| BUYING -1 longbow (18 gold).
  6434 | D:7      | Bought a -1 longbow for 18 gold pieces
  6434 | D:7      | 6434 ||| BUYING -3 hand cannon (1 gold).
  6434 | D:7      | Bought a -3 hand cannon for 1 gold piece
  6434 | D:7      | 6434 ||| SWAPPING to -3 hand cannon.
  6435 | D:7      | 6435 ||| DROPPING -1 longbow.
  6436 | D:7      | 6436 ||| DROPPING +1 shortbow of freezing.
  6625 | D:7      | Noticed Menkaure
  6626 | D:7      | 6626 ||| INVOKING Heroism.
  6628 | D:7      | Killed Menkaure
  6629 | D:7      | Reached skill level 11 in Ranged Weapons
  6665 | D:7      | 6665 ||| INVOKING Heroism.
  6726 | D:7      | Noticed Jeremiah
  6737 | D:7      | 6737 ||| UPGRADING to +0 cloak.
  6744 | D:7      | 6744 ||| FLEEEEING.
  6745 | D:7      | 6745 ||| FLEEEEING.
  6752 | D:7      | 6752 ||| INVOKING Heroism.
  6762 | D:7      | 6762 ||| READING scroll labelled SAITIRO RAFEE.
  6762 | D:7      | Identified a scroll of acquirement
  6762 | D:7      | 6762 ||| ACQUIRING ring "Zuumoav" {Fly rElec rC+ rN+ Int+4}
  6762 | D:7      | Acquired the ring "Zuumoav" {Fly rElec rC+ rN+ Int+4}
  6767 | D:7      | HP: 9/57 [Jeremiah/+4 trident of draining (9)]
  6768 | D:7      | 6768 ||| READING scroll of teleportation.
  6972 | D:7      | 6972 ||| RETREATING.
  6973 | D:7      | 6973 ||| INVOKING Heroism.
  6986 | D:7      | 6986 ||| Stepping ~*~*~tactically~*~*~ (outnumbered).
  6987 | D:7      | 6987 ||| FLEEEEING.
  6988 | D:7      | 6988 ||| FLEEEEING.
  6991 | D:7      | 6991 ||| FLEEEEING.
  6992 | D:7      | 6992 ||| FLEEEEING.
  6993 | D:7      | 6993 ||| FLEEEEING.
  6994 | D:7      | 6994 ||| FLEEEEING.
  6995 | D:7      | 6995 ||| FLEEEEING.
  6998 | D:7      | 6998 ||| FLEEEEING.
  6999 | D:7      | 6999 ||| FLEEEEING.
  7001 | D:7      | 7001 ||| FLEEEEING.
  7002 | D:7      | 7002 ||| FLEEEEING.
  7003 | D:7      | 7003 ||| FLEEEEING.
  7004 | D:7      | 7004 ||| FLEEEEING.
  7005 | D:7      | 7005 ||| FLEEEEING.
  7006 | D:7      | 7006 ||| FLEEEEING.
  7007 | D:7      | 7007 ||| FLEEEEING.
  7008 | D:7      | 7008 ||| FLEEEEING.
  7009 | D:7      | 7009 ||| FLEEEEING.
  7010 | D:7      | 7010 ||| FLEEEEING.
  7011 | D:7      | 7011 ||| FLEEEEING.
  7012 | D:7      | 7012 ||| FLEEEEING.
  7014 | D:7      | 7014 ||| FLEEEEING.
  7015 | D:7      | 7015 ||| FLEEEEING.
  7016 | D:7      | 7016 ||| FLEEEEING.
  7017 | D:7      | 7017 ||| STAIRDANCE
  7117 | D:7      | 7117 ||| INVOKING Heroism.
  7122 | D:7      | Reached skill level 3 in Armour
  7221 | D:7      | 7221 ||| INVOKING Heroism.
  7246 | D:7      | 7246 ||| INVOKING Heroism.
  7256 | D:7      | HP: 12/57 [Jeremiah/+4 trident of draining (9)]
  7257 | D:7      | Killed from afar by Jeremiah

Levels and vault maps discovered:
D:1:      lightli_arrival_lavapool, layout_basic, amcnicky_mini_corridor_feature
D:2:      layout_basic, nicolae_half_adder
D:3:      layout_basic, nicolae_hepliaklqana_hazy_memory,
          hellmonk_ecumenical_altar_heavens_door, minmay_between, uniq_jessica,
          uniq_terence
D:4:      layout_basic
D:5:      layout_cave_pools, lemuel_tele_altar, minmay_temple_entry_water_ring,
          st_stairs_6, uniq_ijyb
D:6:      layout_gridville, gammafunk_ghost_smash, lightli_sewer_entry_pipes,
          uniq_pikel, uniq_edmund, uniq_grinder
D:7:      layout_basic, corexii_corridor_pit, minmay_shop_damaged,
          uniq_menkaure, uniq_jeremiah

Skill      XL: |  1  2  3  4  5  6  7  8  9 |
---------------+----------------------------+-----
Ranged Weapons | 5 6 7 8 9 11 | 11.0
Fighting       | 3 4 5 6 7 |  7.5
Armour         | 2 3 |  3.1
Dodging        | 2 3 |  3.1
Invocations    | 4 |  4.0
Stealth        | |  1.1

Action                     |  1- 3 |  4- 6 |  7- 9 || total
---------------------------+-------+-------+-------++-------
  Melee: Unarmed           |       |       |     5 ||     5
   Fire: Shortbow          |    74 |   209 |   422 ||   705
         Hand cannon       |       |       |    68 ||    68
 Invoke: Heroism           |       |       |    11 ||    11
    Use: Scroll            |     4 |     5 |     9 ||    18
         Potion            |       |     4 |     5 ||     9
 Armour: Leather armour    |    25 |    42 |   157 ||   224
         Ring mail         |       |    30 |    22 ||    52
         Skin              |       |       |     2 ||     2
  Dodge: Dodged            |    20 |    65 |   149 ||   234

Table legend:
 A = Non-vault XP
 B = Vault XP
 C = Vault XP percentage of total XP
 D = Non-vault monster count
 E = Vault monster count
 F = Vault count percentage of total count
                 A         B        C        D         E       F
            +---------+---------+-------+---------+---------+-------
      Total |    3339 |    1206 |  26.5 |     125 |      42 |  25.1
            +---------+---------+-------+---------+---------+-------
        D:1 |      29 |       0 |   0.0 |      16 |       0 |   0.0
        D:2 |     119 |      39 |  24.7 |      29 |       3 |   9.4
        D:3 |     119 |      88 |  42.5 |      23 |       4 |  14.8
        D:4 |     278 |       0 |   0.0 |      14 |       0 |   0.0
        D:5 |     226 |     163 |  41.9 |       7 |       3 |  30.0
        D:6 |    1903 |     494 |  20.6 |      20 |      11 |  35.5
        D:7 |     665 |     172 |  20.5 |      16 |       1 |   5.9
      Sewer |       0 |     250 | 100.0 |       0 |      20 | 100.0
            +---------+---------+-------+---------+---------+-------
